AoeStats
← LoStratega

Arena

508286962Analyzed
2v2 RM · 10d ago on Sep 21, 2026· 81m 1s· 4 players
Game mode
Random Map
Map size
Medium (4 player)
Population
200
Speed
Normal
Resources
Standard
Victory
Conquest
Starting age
Dark Age
Ending age
Imperial Age
RankedLock teamsTeams togetherTeam positionsShared explorationLock speedFull tech treeHidden civsTurbo modeCheats
Victory
Defeat
1272
+13
1235
+13
🇮🇹 Malay · Italy
1194
-13
🇮🇹 Poles · Italy
1194
-13
LoStratega
7:43 Loom
11:27 Feudal Age
16:42 Castle Age
19:08 Arson
20:32 Scale Mail Armor
21:19 Double-Bit Axe
21:22 Horse Collar
24:21 Gold Mining
27:15 Heavy Plow
27:27 Bow Saw
29:10 Wheelbarrow
33:17 Imperial Age
31:12 Hand Cart
31:42 Szlachta Privileges
32:22 Fletching
32:33 Padded Archer Armor
32:38 Scale Barding Armor
32:15 Crossbowman
33:45 Thumb Ring
33:41 Bodkin Arrow
34:11 Bloodlines
34:01 Husbandry
34:01 Arbalester
35:00 Leather Archer Armor
35:35 Crop Rotation
35:13 Cavalier
36:27 Ballistics
37:09 Chemistry
37:17 Bracer
39:27 Leather Archer Armor
39:25 Forging
40:29 Fortified Wall
40:00 Treadmill Crane
40:27 Siege Engineers
40:44 Chain Barding Armor
41:36 Iron Casting
44:42 Light Cavalry
46:41 Blast Furnace
46:18 Winged Hussar
70:58 Conscription
72:22 Lechitic Legacy
71:49 Elite Skirmisher
76:09 Redemption
Halbert
0:26 Loom
12:37 Feudal Age
15:43 Castle Age
18:17 Double-Bit Axe
22:19 Forging
22:32 Arson
24:06 Squires
30:58 Gold Mining
30:58 Stone Mining
30:58 Gold Mining
31:19 Stone Mining
32:08 Wheelbarrow
31:59 Horse Collar
33:06 Hand Cart
38:09 Imperial Age
35:56 Fletching
36:06 Padded Archer Armor
35:56 Fletching
36:35 Ballistics
36:29 Crossbowman
38:10 Bodkin Arrow
39:20 Thumb Ring
39:53 Ballistics
40:19 Bracer
47:39 Chemistry
48:01 Heavy Plow
48:14 Bow Saw
47:38 Arbalester
49:59 Gold Shaft Mining
49:59 Stone Shaft Mining
49:59 Gold Shaft Mining
49:59 Stone Shaft Mining
51:19 Crop Rotation
53:49 Iron Casting
53:30 Leather Archer Armor
53:50 Iron Casting
53:30 Leather Archer Armor
54:29 Conscription
53:29 Elite Karambit Warrior
55:47 Blast Furnace
55:53 Stone Shaft Mining
56:28 Ring Archer Armor
55:34 Capped Ram
61:34 Forced Levy
61:59 Man-at-Arms
62:30 Long Swordsman
63:19 Two-Handed Swordsman
[Telo] ~ Shelo the murder
11:05 Feudal Age
11:08 Loom
16:22 Castle Age
14:31 Horse Collar
18:35 Fletching
22:01 Double-Bit Axe
23:00 Squires
23:38 Scale Mail Armor
24:26 Forging
27:50 Chain Mail Armor
33:41 Bodkin Arrow
42:50 Heavy Plow
46:28 Imperial Age
44:19 Gold Mining
47:07 Gold Shaft Mining
46:22 Stone Mining
47:18 Wheelbarrow
46:33 Town Watch
47:03 Bow Saw
47:14 Guard Tower
48:25 Chemistry
47:46 Ballistics
47:12 Treadmill Crane
48:54 Fortified Wall
51:08 Keep
50:08 Crossbowman
51:00 Thumb Ring
51:04 Bracer
51:04 Padded Archer Armor
50:56 Elite Skirmisher
54:57 Conscription
54:59 Kataparuto
54:46 Yasama
55:09 Kataparuto
55:30 Elite Samurai
58:28 Iron Casting
58:23 Plate Mail Armor
60:58 Capped Ram
61:53 Masonry
61:49 Siege Engineers
63:14 Blast Furnace
63:29 Padded Archer Armor
62:55 Arbalester
68:07 Pikeman
68:33 Gambesons
68:09 Man-at-Arms
69:01 Long Swordsman
69:49 Halberdier
71:54 Two-Handed Swordsman
75:26 Champion
76:58 Hand Cart
77:47 Two-Man Saw
77:05 Murder Holes
[Telo] ~ The Highest Threat
0:26 Loom
10:18 Feudal Age
14:57 Castle Age
14:19 Double-Bit Axe
14:55 Horse Collar
23:03 Gold Mining
23:11 Town Watch
28:42 Imperial Age
27:50 Bow Saw
31:53 Chemistry
32:06 Forging
32:02 Scale Barding Armor
32:47 Conscription
33:35 Wheelbarrow
34:55 Bloodlines
35:17 Chain Barding Armor
37:03 Iron Casting
36:32 Husbandry
38:26 Plate Barding Armor
39:26 Gold Shaft Mining
39:12 Onager
41:00 Siege Engineers
43:36 Blast Furnace
45:45 Bimaristan
44:56 Elite Mameluke
47:09 Counterweights
49:22 Coinage
50:37 Light Cavalry
52:45 Hussar
58:48 Caravan
59:48 Fletching
60:19 Padded Archer Armor
60:58 Bodkin Arrow
61:25 Ballistics
61:00 Elite Skirmisher
64:14 Two-Man Saw
63:48 Bracer
64:04 Leather Archer Armor
71:57 Ring Archer Armor
Connection lost

Rejoining the realm…

Still unreachable

The connection could not be restored.

Session expired

The server has moved on; the page needs a fresh start.